 Dungeon Crawl Stone Soup version 0.18-a0-30-g52c0daa (webtiles) character file.

86 blackbenes the Sneak (level 4, -2/29 HPs)
             Began as a Vampire Assassin on Nov 5, 2015.
             Slain by an orc
             ... wielding a +0 short sword
              (4 damage)
             ... on level 3 of the Dungeon.
             The game lasted 00:10:13 (1913 turns).

blackbenes the Sneak (Vampire Assassin)             Turns: 1913, Time: 00:10:13

Health: -2/29      AC:  5    Str: 10    XL:     4   Next: 27%
Magic:  4/4        EV: 12    Int: 13    God:
Gold:   48         SH:  0    Dex: 16    Spells: 0 memorised, 3 levels left

rFire  + . .     SeeInvis +     r - -3 whip (curse)
rCold  . . .     Clarity  .     c - +1 robe
rNeg   + + .     SustAt   .     (no shield)
rPois  +         Gourm    .     (no helmet)
rElec  .         Spirit   .     d - +1 cloak
rCorr  .         Warding  .     (no gloves)
rMut   .         Stasis   .     (no boots)
MR     .....                    (no amulet)
Stlth  ++++......               (no ring)
                                k - ring of fire

@: regenerating slowly, not resistant to hostile enchantments, stealthy
A: fangs 3, molten scales 1, see invisible, deformed body, frail 1, unbreathing
a: Bat Form


You were on level 3 of the Dungeon.
You were thirsty.

You visited 1 branch of the dungeon, and saw 3 of its levels.

You collected 48 gold pieces.

Inventory:

Hand Weapons
 a - a +2 dagger
 b - a +0 blowgun
 r - a cursed -3 whip (weapon)
Missiles
 e - 18 poisoned needles
 f - 2 curare-tipped needles
Armour
 c - a +1 robe (worn)
 d - a +1 cloak (worn)
 i - a +0 shield
 o - a +0 robe
 p - a +0 chain mail
Jewellery
 k - a ring of fire (left hand)
Wands
 l - a wand of heal wounds (4)
 q - a wand of polymorph (15)
Scrolls
 j - a scroll of amnesia
Comestibles
 m - a slice of pizza
 n - a meat ration


   Skills:
 + Level 2.1 Fighting
 + Level 2.5 Short Blades
 + Level 1.7 Throwing
 + Level 1.8 Dodging
 + Level 7.9 Stealth


You had 3 spell levels left.
You didn't know any spells.

Dungeon Overview and Level Annotations

Branches:
Dungeon (3/15)

Altars:
Ashenzari
Trog


Innate Abilities, Weirdness & Mutations

You heal slowly.
You have razor-sharp teeth.
You have supernaturally acute eyesight.
You can survive without breathing.
You are partially covered in molten scales (AC +1).
Armour fits poorly on your strangely shaped body.
You are frail (-10% HP).


Message History

You closely miss the orc. The orc hits you but does no damage.
You hit the orc.
The orc is moderately wounded.
The orc hits you but does no damage. x2
Drink which item? (? for menu, Esc to quit)
It was a potion of mutation.
You feel extremely strange.
You feel frail.
Your body twists and deforms.
Molten scales grow over part of your body.
The orc closely misses you.
You hit the orc but do no damage.
The orc is moderately wounded.
The orc hits you but does no damage.
You hit the orc.
You kill the orc!
You closely miss the orc. The orc hits you with a short sword.
* * * LOW HITPOINT WARNING * * *
The orc hits you with a short sword.
* * * LOW HITPOINT WARNING * * *
You hit the orc but do no damage. The orc hits you with a short sword.
You die...

### #.+ #.#
#.# #@# #o#
#o# #.# ####
#.# .... #.#
#.............
#.#
#........#####
#.# #o.......#
#.###s.......#


You could see 2 orcs.

Vanquished Creatures
  Jessica (D:2)
  An adder (D:2)
  2 oozes
  A worm (D:2)
  3 orcs (D:3)
  A ball python (D:1)
  4 bats
  A giant cockroach (D:3)
  4 goblins
  2 hobgoblins
  4 jackals (D:1)
  9 giant newts
  6 kobolds
  2 rats
41 creatures vanquished.

Notes
Turn   | Place    | Note
--------------------------------------------------------------
     0 | D:1      | blackbenes the Vampire Assassin began the quest for the Orb.
     0 | D:1      | Reached XP level 1. HP: 16/16 MP: 1/1
   139 | D:1      | Reached skill level 6 in Stealth
   443 | D:1      | Reached XP level 2. HP: 22/22 MP: 2/2
   864 | D:2      | Noticed Jessica
   866 | D:2      | Killed Jessica
   866 | D:2      | Reached skill level 7 in Stealth
   866 | D:2      | Reached XP level 3. HP: 27/27 MP: 3/3
  1251 | D:2      | Found a shattered altar of Ashenzari.
  1410 | D:2      | Reached XP level 4. HP: 33/33 MP: 4/4
  1437 | D:2      | Found a bloodstained altar of Trog.
  1909 | D:3      | Gained mutation: You are frail (-10% HP). [potion of mutation]
  1909 | D:3      | Gained mutation: Armour fits poorly on your strangely shaped body. [potion of mutation]
  1909 | D:3      | Gained mutation: You are partially covered in molten scales (AC +1). [potion of mutation]
  1912 | D:3      | HP: 1/29 [orc/short sword (5)]
  1913 | D:3      | Slain by an orc

Vault maps used:
D:1:      dpeg_arrival_long_road, minmay_newt_pond
D:2:      lemuel_doored_altar, evilmike_ruin_ashenzari, uniq_jessica
D:3:      old_standard_altar, uniq_sigmund

Action                   |  1- 3 |  4- 6 || total
-------------------------+-------+-------++-------
Melee: Dagger            |    64 |       ||    64
       Whip              |     9 |    71 ||    80
 Abil: End Transformatio |       |     1 ||     1
       Bat Form          |       |     1 ||     1
  Use: Scroll            |     6 |     2 ||     8
       Potion            |     2 |     5 ||     7
 Stab: Sleeping          |     8 |     4 ||    12
